 Dungeon Crawl Stone Soup version 0.25-a0-2-g6559c6c67a (webtiles) character file.

Game seed: 9337411331932968128, levelgen mode: deterministic

105 Raiden350 the Ducker (level 4, -1/34 HPs)
             Began as a Demonspawn Gladiator on Oct 14, 2019.
             Slain by Natasha (8 damage)
             ... on level 2 of the Dungeon.
             The game lasted 00:06:16 (2085 turns).

Raiden350 the Ducker (Demonspawn Gladiator)         Turns: 2085, Time: 00:06:17

Health: -1/34      AC:  4    Str: 14    XL:     4   Next: 53%
Magic:  4/4        EV: 13    Int: 11    God:
Gold:   43         SH:  0    Dex: 14    Spells: 3/3 levels left

rFire    + . .     SeeInvis .     - Unarmed
rCold    . . .     Gourm    .   (no shield)
rNeg     . . .     Faith    .   a - +0 leather armour
rPois    .         Spirit   .   b - +0 helmet
rElec    .         Reflect  .   (no cloak)
rCorr    .         Harm     .   (no gloves)
MR       .....                  (no boots)
Stlth    +.........             (no amulet)
HPRegen  0.11/turn              (no ring)
MPRegen  0.09/turn              (no ring)

@: slowed, very slow
A: talons 1, fire resistance 1
a: no special abilities


You were on level 2 of the Dungeon.
You were not hungry.

You visited 1 branch of the dungeon, and saw 2 of its levels.

You collected 43 gold pieces.

Inventory:

Hand Weapons
 f - a +0 dagger
 g - a +0 whip of flaming
 h - a +2 dagger of venom
 p - a +1 short sword of speed
Missiles
 c - 3 throwing nets (quivered)
Armour
 a - a +0 leather armour (worn)
 b - a +0 helmet (worn)
 m - a +0 shield
Jewellery
 n - an uncursed ring of see invisible {unknown}
Scrolls
 e - 6 scrolls of remove curse {unknown}
 j - 2 scrolls of identify {unknown}
 o - a scroll of random uselessness {unknown}
Potions
 k - a potion of agility {unknown}
 l - a potion of mutation {unknown}
 q - a potion of degeneration {unknown}
Comestibles
 d - 3 rations
 i - 6 chunks of flesh


   Skills:
 + Level 2.9 Fighting
 - Level 0.5 Maces & Flails
 - Level 1.7 Throwing
 + Level 1.7 Armour
 + Level 3.3 Dodging
 + Level 0.6 Shields
 - Level 3.0 Unarmed Combat


You had 3 spell levels left.
You didn't know any spells.
Your spell library was empty.

Dungeon Overview and Level Annotations

Branches:
Dungeon (2/15)

Altars:

Annotations:
D:2 Natasha


Innate Abilities, Weirdness & Mutations

You have sharp toenails.
Your flesh is heat resistant. (rF+)


Message History

Natasha barely misses you. Natasha misses you.
You hit Natasha.
Natasha is severely wounded.
Natasha stares at you and mumbles some strange words.
The magic dart hits you!
You hit Natasha. You claw Natasha.
Natasha is almost dead.
Natasha casts a spell at you. The magic dart hits you!
Natasha stares at you and mumbles some strange words.
The magic dart hits you.
You hit Natasha but do no damage. Your kick misses Natasha.
Natasha is almost dead.
Natasha claws you.
* * * LOW HITPOINT WARNING * * *
You hit Natasha but do no damage.
Natasha is almost dead.
Natasha mumbles some strange words.
Natasha claws you!
You die...

##.# #.# # # .#
#.# # .# .# #.#
##.# .# #..
(..#### .####.#
...(... .#.##.#
#####.. 5.#.#.# ##
##h# #..########..
.# #@##
##........#.# .#
##.###.#######.#.#
.### ##.#.## #.#.#
...# ##.## #.#.#
#### #.# ##.#.# #
#.# ##....# # ..#
#...[.. ## ...
#.....# .# #...
........##


You could see Natasha and a crimson imp.

Vanquished Creatures
  Jessica (D:2)
  A gnoll (D:1)
  4 oozes
  A worm (D:2)
  A dart slug (D:1)
  2 leopard geckos
  A giant cockroach (D:2)
  5 goblins
  7 hobgoblins
  3 jackals (D:2)
  5 bats (D:1)
  3 frilled lizards
  7 kobolds
  6 rats
47 creatures vanquished.

Notes
Turn   | Place    | Note
-------+----------+-------------------------------------------
     0 | D:1      | Raiden350 the Demonspawn Gladiator began the quest for the
                  | Orb.
     0 | D:1      | Reached XP level 1. HP: 16/16 MP: 1/1
   512 | D:1      | Gained mutation: Your flesh is heat resistant. (rF+)
                  | [demonic ancestry]
   512 | D:1      | Reached XP level 2. HP: 22/22 MP: 2/2
   758 | D:1      | Reached skill level 1 in Armour
  1039 | D:1      | Gained mutation: You have sharp toenails. [demonic
                  | ancestry]
  1039 | D:1      | Reached XP level 3. HP: 23/28 MP: 3/3
  1709 | D:2      | Reached XP level 4. HP: 31/34 MP: 4/4
  2052 | D:2      | Noticed Jessica
  2057 | D:2      | Killed Jessica
  2078 | D:2      | Noticed Natasha
  2085 | D:2      | Slain by Natasha

Levels and vault maps discovered:
D:1:      erik_arrival_blinker_ship, layout_basic, chequers_mini_garden
D:2:      layout_loops_ring, makhleb_altar_promises_db,
          lemuel_zombie_altar_yredelemnul, gammafunk_temple_overflow_pools,
          uniq_natasha, uniq_jessica

Skill      XL: |  1  2  3 |
---------------+----------+-----
Armour         | 1 |  1.7
Dodging        | 3 |  3.3
Unarmed Combat | 3 |  3.0
Fighting       | |  2.9
Maces & Flails | |  0.5
Throwing       | |  1.7
Shields        | |  0.6

Action                   |  1- 3 |  4- 6 || total
-------------------------+-------+-------++-------
Melee: Unarmed           |    97 |    33 ||   130
       Whip              |    38 |       ||    38
       Kick              |    18 |    10 ||    28
       Punch             |     1 |       ||     1
 Stab: Sleeping          |     1 |     1 ||     2
  Eat: Chunk             |     3 |     1 ||     4
Armor: Leather armour    |    38 |     4 ||    42
Dodge: Dodged            |   103 |    16 ||   119

Table legend:
 A = Non-vault XP
 B = Vault XP
 C = Vault XP percentage of total XP
 D = Non-vault monster count
 E = Vault monster count
 F = Vault count percentage of total count
                 A         B        C        D         E       F
            +---------+---------+-------+---------+---------+-------
      Total |     113 |      37 |  24.7 |      46 |       1 |   2.1
            +---------+---------+-------+---------+---------+-------
        D:1 |      70 |       0 |   0.0 |      29 |       0 |   0.0
        D:2 |      43 |      37 |  46.2 |      17 |       1 |   5.6
            +---------+---------+-------+---------+---------+-------
